 Dungeon Crawl Stone Soup version 0.19-a0-892-g8a19e52 (webtiles) character file.

50977 4thArraOfDagon the Spear-Bearer (level 13, -8/94 HPs)
             Began as a Demigod Wanderer on July 4, 2016.
             Splashed by an oklob plant's acid (14 damage)
             ... on level 6 of the Lair of Beasts.
             The game lasted 01:14:14 (15109 turns).

4thArraOfDagon the Spear-Bearer (Demigod Wanderer) Turns: 15109, Time: 01:14:16

Health: -8/94      AC:  8    Str: 19    XL:     13   Next: 87%
Magic:  7/7        EV: 21    Int: 20    God:
Gold:   443        SH:  0    Dex: 21    Spells: 4 memorised, 5 levels left

rFire  + . .     SeeInvis .     j - +5 bardiche "Kysalopu" {antimagic, Str+4 Int+5 Dex-3}
rCold  . . .     Gourm    .     c - +0 troll leather armour
rNeg   . . .     Faith    .     (shield currently unavailable)
rPois  .         Spirit   .     t - +1 hat
rElec  .         Dismiss  .     r - +0 cloak
rCorr  .         Reflect  .     A - -1 pair of gloves
SustAt +         Harm     .     y - +1 pair of boots
MR     ++...                    P - amulet of regeneration
Stlth  ++........               R - +2 ring of evasion
                                B - ring of protection from magic

@: corroded, very resistant to hostile enchantments, unstealthy
A: yellow scales 1, fire resistance 1, high mp 1, sustain attributes
a: no special abilities


You were on level 6 of the Lair of Beasts.
You were very hungry.

You visited 4 branches of the dungeon, and saw 24 of its levels.
You also visited: Sewer, Ice Cave and Volcano.

You collected 1415 gold pieces.
You spent 972 gold pieces at shops.

Inventory:

Hand Weapons
 j - the +5 bardiche "Kysalopu" (weapon) {antimagic, Str+4 Int+5 Dex-3}
   (You found it on level 9 of the Dungeon)

   It reduces the magical energy of the wielder, and disrupts the spells and
   magical abilities of those hit.
   Natural abilities and divine invocations are not affected.
   It affects your strength (+4).
   It affects your intelligence (+5).
   It affects your dexterity (-3).
 w - the +5 mace "Xiunk" {holy, rN+ Str+4 Dex-4}
   (You found it on level 10 of the Dungeon)

   It has been blessed by the Shining One to cause great damage to the undead
   and demons.
   It affects your strength (+4).
   It affects your dexterity (-4).
   It protects you from negative energy.
 X - a +2 war axe of flaming
Missiles
 h - 7 poisoned tomahawks (quivered)
 N - a throwing net
Armour
 c - a +0 troll leather armour (worn)
 d - a +0 chain mail of magic resistance
 r - a +0 cloak (worn)
 t - a +1 hat (worn)
 y - a +1 pair of boots (worn)
 A - a -1 pair of gloves (worn)
 Y - a +0 chain mail of fire resistance
Jewellery
 s - an uncursed amulet of rage
 B - a ring of protection from magic (left hand)
 E - an uncursed ring of see invisible
 P - an amulet of regeneration (around neck)
 R - a +2 ring of evasion (right hand)
Wands
 C - a wand of iceblast (3/15)
 D - a wand of iceblast (0/15)
 J - a wand of disintegration (6/24)
 K - a wand of acid (6/15)
 L - a wand of flame (20/48)
 T - a wand of random effects (21/48)
 U - a wand of lightning (3/15)
 V - a wand of heal wounds (6/9)
 W - a wand of iceblast (13/15)
 Z - a wand of slowing (21/48)
Scrolls
 b - 5 scrolls of enchant weapon
 n - 10 scrolls of remove curse
 o - 5 scrolls of magic mapping
 p - 5 scrolls of enchant armour
 v - a scroll of amnesia
 x - a scroll of identify
 z - a scroll of silence
 F - 8 scrolls of recharging
 G - 2 scrolls of teleportation
 I - 2 scrolls of torment
Potions
 a - a potion of cancellation
 g - 8 potions of curing
 i - 5 potions of ambrosia
 k - a potion of resistance
 l - 4 potions of brilliance
 m - 5 potions of agility
 q - a potion of haste
 u - 7 potions of flight
 H - 6 potions of might
 O - 2 potions of berserk rage
 Q - 2 potions of cure mutation
Comestibles
 f - 11 bread rations
 S - 3 meat rations


   Skills:
 - Level 3.0 Fighting
 - Level 10.1(13.3) Axes
 * Level 14.1(15.2) Polearms
 - Level 8.1 Armour
 - Level 9.0 Dodging
 - Level 1.7 Stealth
 + Level 3.7 Spellcasting
 * Level 6.0 Transmutations
 * Level 5.5 Earth Magic


You had 5 spell levels left.
You knew the following spells:

 Your Spells              Type           Power        Failure   Level  Hunger
a - Swiftness             Chrm/Air       #.......     28%         2    ##.....
b - Passage of Golubria   Tloc           N/A          99%         4    ####...
c - Passwall              Tmut/Erth      ####......   1%          2    ##.....
d - Statue Form           Tmut/Erth      ####.....    99%         6    #######


Dungeon Overview and Level Annotations

Branches:
Dungeon (15/15)            Temple (0/1) D:6            Lair (6/6) D:8
  Slime (0/5) Lair:6          Orc (2/2) D:12            Elf (0/3) Orc:2
 Vaults (0/5) D:13         Depths (1/5) D:15
  Swamp: Lair:2-4    Shoals: Lair:2-4     Snake: Lair:2-4    Spider: Lair:2-4

Shops:
D:14 =   Orc:2 [??:

Annotations:
D:12 exclusion: upstairs, Fannar
D:15 exclusion: downstairs
Lair:5 exclusion: downstairs
Lair:6 exclusion: 3 oklob plants


Innate Abilities, Weirdness & Mutations

You have an increased reservoir of magic. (+10% MP)
Your attributes are resistant to harm.
You are partially covered in yellow scales. (AC +2)
Your flesh is heat resistant. (rF+)


Message History

The oklob plant spits acid at you. The splash of acid hits you!
The acid burns!
The spiny frog completely misses you. The oklob plant spits acid at you.
The splash of acid hits you!
* * * LOW HITPOINT WARNING * * *
The acid burns!
* * * LOW HITPOINT WARNING * * *
You turn to flesh and can move again.
Unknown command.
Okay, then.
Unknown command.
Okay, then.
As you read the scroll of fog, it crumbles to dust.
The scroll dissolves into smoke.
The spiny frog misses you. The oklob plant spits acid at you.
The splash of acid hits you!
* * * LOW HITPOINT WARNING * * *
The acid corrodes you!
The acid burns!
You die...

Y.r.YrY........ ................
.YY..Y..............)............
.Pr................P.............
........t........?..tP.PP........
......r..[.......................
...#......#........(.P.......#...
(......<...#...§§§...P...........
#..........##.§§H§.#..P...... .P.
.....#.......#§§@FD.# ....
..........§§§.%# ...
..$..P..###.##### ..
#....Y..Y.### . #...PP.Y.##
P......[.#


You could see a seven-headed hydra, an oklob plant, a hippogriff, a spiny frog
and a crocodile.

Vanquished Creatures
  A yaktaur captain (D:15)
  A vault guard (D:14)
  4 centaur warriors
  A hydra (Lair:6)
  2 catoblepae (Lair:6)
  2 ogre magi (Orc:2)
  9 death yaks (Lair:6)
  Urug (D:10)
  A giant orange brain (D:9)
  An unseen horror (D:15)
  Pikel (D:5)
  2 orc knights
  3 hill giants
  2 ugly things
  10 orc sorcerers
  A manticore (D:15)
  A griffon (Lair:6)
  2 cyclopes (D:15)
  A black mamba (Lair:6)
  2 spiny frogs
  A rime drake (Lair:4)
  A kobold demonologist (D:12)
  3 komodo dragons (Lair:1)
  A yaktaur (D:15)
  3 trolls
  A tengu conjurer (D:15)
  Grinder (D:5)
  4 slime creatures (D:12)
  4 two-headed ogres
  Prince Ribbit (D:5)
  A shadow (D:14)
  Sigmund (D:2)
  2 wyverns
  3 fire bats (Volcano)
  35 yaks
  A wraith (D:12)
  3 basilisks (D:8)
  3 hungry ghosts
  A steam dragon (D:12)
  7 hippogriffs
  2 mottled dragons
  A warg (Orc:1)
  9 water moccasins
  10 porcupines
  16 orc warriors
  A black bear (D:11)
  A necrophage (D:15)
  2 phantoms
  3 sky beasts
  12 ogres
  An eye of draining (D:12)
  8 centaurs
  6 crocodiles
  4 big kobolds
  18 giant frogs
  3 scorpions
  8 killer bees
  An electric eel (Lair:1)
  7 wights
  8 crimson imps
  4 centaur zombies
  2 giant frog zombies (D:12)
  9 lava snakes (Volcano)
  2 quasits
  8 centaur skeletons
  A gnoll shaman (D:6)
  4 hounds
  3 jellies
  37 orc wizards
  12 orc priests
  3 giant frog skeletons
  11 iguanas
  Terence (D:3)
  8 worker ants
  6 sheep
  A hound zombie (D:9)
  A hound skeleton (D:4)
  A howler monkey zombie (D:9)
  Robin (D:2)
  9 gnolls
  A howler monkey skeleton (D:9)
  12 adders
  37 river rats
  2 shadow imps
  2 oozes
  3 adder skeletons
  2 worms
  3 dart slugs
  11 giant geckos
  57 orcs
  9 ball pythons
  5 giant cockroaches
  15 goblins
  8 hobgoblins
  6 jackals
  26 kobolds
  A quokka (D:8)
  3 bats
  A giant cockroach zombie (D:5)
  A giant gecko skeleton (D:4)
  4 giant newts
  A quokka skeleton (D:9)
  32 rats
612 creatures vanquished.

Vanquished Creatures (others)
  Menkaure (D:5)
  A slave (D:5)
  2 bushes (D:8)
  10 fungi
  12 plants
26 creatures vanquished.

Grand Total: 638 creatures vanquished

Notes
Turn   | Place    | Note
-------+----------+-------------------------------------------
     0 | D:1      | 4thArraOfDagon the Demigod Wanderer began the quest for the Orb.
     0 | D:1      | 4thArraOfDagon set off with: a +2 hand axe, a +0 ring mail, a potion of lignification, a +0 dagger, a bread ration
     0 | D:1      | Reached XP level 1. HP: 18/18 MP: 3/3
     0 | D:1      | last attempthe
     0 | D:1      | uponb
     0 | D:1      | the dungeoneth
   244 | D:1      | Reached XP level 2. HP: 23/25 MP: 4/4
   678 | D:2      | Found a sacrificial altar of Ru.
   700 | D:2      | Noticed Terence
   719 | D:3      | Killed Terence
   719 | D:3      | Reached XP level 3. HP: 30/30 MP: 5/5
   951 | D:2      | Found a faded altar of an unknown god.
  1012 | D:2      | Noticed Sigmund
  1044 | D:2      | Killed Sigmund
  1044 | D:2      | Reached skill level 5 in Axes
  1044 | D:2      | Reached XP level 4. HP: 19/37 MP: 6/6
  1044 | D:2      | Reached XP level 5. HP: 22/42 MP: 7/7
  1341 | D:2      | 4thArraOfDagon: welcome
  1341 | D:2      | 4thArraOfDagon: to the real world
  1341 | D:2      | 4thArraOfDagon: NEON
  1353 | D:2      | Noticed Robin
  1397 | D:2      | Killed Robin
  1923 | D:3      | Found a shimmering altar of Xom.
  2127 | D:3      | HP: 2/44 [worker ant (5)]
  2511 | D:4      | Reached XP level 6. HP: 45/50 MP: 8/8
  2713 | D:4      | Found a sparkling altar of Nemelex Xobeh.
  2715 | D:4      | Found a shimmering altar of Xom.
  2718 | D:4      | Found a white marble altar of Elyvilon.
  2719 | D:4      | Found a glowing silver altar of Zin.
  2719 | D:4      | Found a blossoming altar of Fedhas.
  2719 | D:4      | Found a glowing golden altar of the Shining One.
  2719 | D:4      | Found an oddly glowing altar of Pakellas.
  2719 | D:4      | Found a burning altar of Makhleb.
  2720 | D:4      | Found a bloodstained altar of Trog.
  2724 | D:4      | Found a radiant altar of Vehumet.
  3119 | D:4      | Reached skill level 1 in Dodging
  3221 | D:5      | Entered Level 5 of the Dungeon
  3304 | D:5      | Found a glowing drain.
  3333 | Sewer    | Entered a sewer
  3571 | Sewer    | Reached XP level 7. HP: 53/57 MP: 9/9
  3768 | D:5      | Noticed Menkaure
  3771 | D:5      | Noticed Pikel
  3804 | D:5      | Killed Pikel
  3811 | D:5      | Killed Menkaure
  3837 | D:5      | You fall through a shaft!
  3841 | D:6      | Found an opulent altar of Gozag.
  3844 | D:6      | Found a hazy altar of Hepliaklqana.
  3918 | D:5      | Noticed Grinder
  3943 | D:5      | Paralysed by Grinder for 2 turns
  3955 | D:5      | Killed Grinder
  3955 | D:5      | Reached XP level 8. HP: 25/63 MP: 10/10
  3966 | D:5      | Noticed Prince Ribbit
  4050 | D:5      | Killed Prince Ribbit
  4050 | D:5      | Reached skill level 5 in Armour
  4354 | D:6      | Found a staircase to the Ecumenical Temple.
  5184 | D:7      | Reached XP level 9. HP: 69/69 MP: 11/11
  5456 | D:8      | Found a shadowy altar of Dithmenos.
  5509 | D:8      | Reached skill level 5 in Dodging
  5810 | D:9      | Noticed a hill giant
  6051 | D:9      | Found a basalt altar of Yredelemnul.
  6102 | D:9      | Killed a hill giant
  6102 | D:9      | Reached skill level 10 in Axes
  6224 | D:9      | Noticed a green ugly thing
  6236 | D:9      | Reached skill level 1 in Polearms
  6244 | D:9      | Reached skill level 2 in Polearms
  6246 | D:9      | Killed a green ugly thing
  6246 | D:9      | Reached XP level 10. HP: 77/77 MP: 13/13
  6334 | D:9      | Noticed a giant orange brain
  6355 | D:9      | Killed a giant orange brain
  6355 | D:9      | Reached skill level 3 in Polearms
  6375 | D:9      | Got a smoking bardiche
  6376 | D:9      | Identified the +5 bardiche "Kysalopu" {antimagic, Str+4 Int+5 Dex-3} (You found it on level 9 of the Dungeon)
  6541 | D:9      | Reached skill level 4 in Polearms
  6565 | D:9      | Paralysed by fainting for 12 turns
  6873 | D:10     | Entered Level 10 of the Dungeon
  6896 | D:10     | Reached skill level 5 in Polearms
  7180 | D:10     | Noticed Urug
  7331 | D:11     | Found a frozen archway.
  7340 | IceCv    | Entered an ice cave
  7340 | IceCv    | Noticed a white ugly thing
  7634 | D:12     | Reached skill level 6 in Polearms
  7653 | D:12     | Noticed Fannar
  7681 | D:13     | Noticed a hill giant
  7704 | D:13     | Learned a level 2 spell: Swiftness
  7709 | D:13     | Learned a level 4 spell: Passage of Golubria
  7712 | D:13     | Learned a level 2 spell: Passwall
  7738 | D:13     | Found a gate to the Vaults.
  7738 | D:13     | Noticed a vault guard
  7738 | D:13     | Noticed a vault guard
  7738 | D:13     | Noticed a vault guard
  7738 | D:13     | Noticed a vault guard
  7738 | D:13     | Noticed a vault guard
  7739 | D:13     | Noticed a vault guard
  7824 | D:12     | Gained mutation: You are partially covered in yellow scales. (AC +2) [potion of mutation]
  8150 | D:12     | Found a staircase to the Orcish Mines.
  8196 | D:12     | Reached XP level 11. HP: 59/82 MP: 7/14
  8311 | Orc:1    | Entered Level 1 of the Orcish Mines
  8427 | Orc:2    | Entered Level 2 of the Orcish Mines
  8676 | Orc:1    | Reached skill level 7 in Polearms
  8789 | Orc:2    | Noticed an orc knight
  8872 | Orc:1    | Killed an orc knight
  8959 | Orc:2    | Found a staircase to the Elven Halls.
  9120 | Orc:1    | Reached skill level 8 in Polearms
  9191 | Orc:1    | Noticed an orc warlord
  9192 | Orc:1    | Noticed an ogre mage
  9448 | Orc:2    | Found Ossatocu's Antique Armour Shop.
  9494 | Orc:2    | Found a radiant altar of Vehumet.
  9496 | Orc:2    | Noticed an ogre mage
  9513 | Orc:2    | Reached skill level 9 in Polearms
  9520 | Orc:2    | Killed an ogre mage
  9591 | Orc:2    | Found Tefomotz's Magic Scroll Boutique.
  9702 | Orc:2    | Found an ancient bone altar of Kikubaaqudgha.
  9725 | Orc:2    | Noticed an ogre mage
  9756 | Orc:2    | Killed an ogre mage
  9756 | Orc:2    | Reached skill level 10 in Polearms
  9807 | Orc:2    | Found a roughly hewn altar of Beogh.
  9807 | Orc:2    | Found Raycvi's Magic Scroll Boutique.
  9818 | Orc:2    | Found Quvy's Book Shop.
  9838 | Orc:2    | Bought a scroll of magic mapping for 42 gold pieces
  9838 | Orc:2    | Bought a scroll of enchant armour for 90 gold pieces
  9838 | Orc:2    | Bought a scroll of recharging for 114 gold pieces
  9838 | Orc:2    | Bought a scroll of enchant weapon for 90 gold pieces
  9838 | Orc:2    | Bought a scroll of enchant armour for 90 gold pieces
  9838 | Orc:2    | Bought a scroll of enchant weapon for 90 gold pieces
  9838 | Orc:2    | Bought a scroll of magic mapping for 42 gold pieces
  9838 | Orc:2    | Bought a scroll of magic mapping for 42 gold pieces
  9838 | Orc:2    | Bought a scroll of identify for 24 gold pieces
  9855 | Orc:2    | Bought 2 scrolls of identify for 68 gold pieces
  9855 | Orc:2    | Bought a scroll of identify for 34 gold pieces
  9855 | Orc:2    | Bought a scroll of identify for 34 gold pieces
  9855 | Orc:2    | Bought a scroll of enchant armour for 127 gold pieces
  9855 | Orc:2    | Bought a scroll of teleportation for 51 gold pieces
  9855 | Orc:2    | Bought a scroll of identify for 34 gold pieces
  9858 | Orc:2    | meh
  9858 | Orc:2    | no armor, no statue form
  9858 | Orc:2    | time to
  9858 | Orc:2    | dtich
  9982 | D:11     | Noticed an eight-headed hydra
  9983 | D:11     | dtich
 10087 | D:12     | Reached XP level 12. HP: 86/89 MP: 8/15
 10153 | D:14     | dtich
 10493 | D:14     | Reached skill level 11 in Polearms
 10534 | D:14     | Killed a vault guard
 10630 | D:14     | Found Reaxt's Jewellery Boutique.
 10748 | D:15     | Entered Level 15 of the Dungeon
 10827 | D:15     | Noticed a centaur warrior
 10835 | D:15     | Killed a centaur warrior
 10902 | D:15     | Reached skill level 12 in Polearms
 11066 | D:15     | hope
 11151 | D:15     | Noticed a centaur warrior
 11159 | D:15     | Killed a centaur warrior
 11180 | D:15     | Noticed an ice dragon
 11193 | D:15     | Noticed a yaktaur captain
 11206 | D:15     | Killed a yaktaur captain
 11245 | D:15     | Found a staircase to the Depths.
 11254 | Depths:1 | Entered Level 1 of the Depths
 11254 | Depths:1 | Noticed a rakshasa
 11254 | Depths:1 | Noticed an ogre mage
 11254 | Depths:1 | Noticed a centaur warrior
 11255 | Depths:1 | ok...
 11340 | D:15     | Noticed an anaconda
 11355 | D:15     | Noticed a spark wasp
 11355 | D:15     | an anaconda changed into a spark wasp
 11402 | D:15     | Noticed a centaur warrior
 11417 | D:15     | Killed a centaur warrior
 11417 | D:15     | Reached skill level 13 in Polearms
 11495 | D:14     | Noticed an eight-headed hydra
 11522 | D:13     | Noticed a vault guard
 11710 | D:12     | Reached skill level 1 in Spellcasting
 11773 | D:11     | Noticed an eight-headed hydra
 12027 | D:11     | Reached skill level 1 in Transmutations
 12036 | D:11     | Gained mutation: Your flesh is heat resistant. (rF+) [mutagenic meat]
 12189 | D:11     | Learned a level 6 spell: Statue Form
 12601 | D:10     | Noticed a centaur warrior
 12626 | D:10     | HP: 1/89 [Urug/great mace (23)]
 12629 | D:10     | Killed Urug
 12668 | D:11     | Reached skill level 1 in Earth Magic
 12747 | D:10     | Got a shimmering mace
 12748 | D:10     | Identified the +5 mace "Xiunk" {holy, rN+ Str+4 Dex-4} (You found it on level 10 of the Dungeon)
 12770 | D:10     | Killed a centaur warrior
 12825 | D:8      | Reached XP level 13. HP: 94/94 MP: 6/19
 12859 | D:8      | Found a staircase to the Lair.
 13018 | Lair:1   | Entered Level 1 of the Lair of Beasts
 13604 | Lair:5   | Found a dark tunnel.
 13610 | Volcano  | Entered a volcano
 13837 | Volcano  | Found a burning altar of Makhleb.
 13982 | Lair:6   | Entered Level 6 of the Lair of Beasts
 13982 | Lair:6   | Found a staircase to the Slime Pits.
 14218 | Lair:6   | Identified the +2 chain mail "Heitheb" {-Cast rElec Str+3} (You found it on level 6 of the Lair of Beasts)
 14329 | Lair:6   | Reached skill level 5 in Transmutations
 14558 | Lair:6   | Reached skill level 14 in Polearms
 14656 | Lair:6   | Reached skill level 5 in Earth Magic
 15099 | Lair:6   | fucking
 15109 | Lair:6   | Splashed by an oklob plant's acid

Vault maps used:
D:1:      evilmike_arrival_rings, moated_statue
D:2:      ecumenical_altar_2, first_bread, nicolae_ru_sacrificial_ziggurat,
          uniq_sigmund, uniq_robin, uniq_terence
D:3:      tgw_xom
D:4:      minitemple
D:5:      portal_sewer_entry_b, uniq_prince_ribbit1, uniq_grinder, uniq_pikel,
          uniq_menkaure
D:6:      grunt_temple_overflow_open
D:7:      the_bakery
D:8:      minmay_lair_entry_grove, nicolae_dithmenos_the_darkroom
D:9:      wad_statue_garden, lemuel_doored_altar
D:10:     uniq_urug
D:11:     portal_ice_cave_entry_pillars_1, serial_co_window_serial,
          co_window_corner_a, co_window_of_opportunity_a, co_window_paths_a,
          co_window_corner_a, co_window_of_opportunity_a, co_window_cross_3,
          co_window_corner_cb, co_window_of_opportunity_b, co_window_2corner
D:12:     david_orc_2, uniq_fannar
D:13:     erik_vaults_2, uniq_nessos, uniq_maurice
D:14:     serial_shops, shop, minivault_11
D:15:     grunt_enter_depths_snipers, serial_glass, glass_columns_b,
          glass_columns_c, glass_columns_a, glass_columns_a, glass_columns_a
Lair:1:   beast_lair_carwin_10, infiniplex_staircase_pool
Lair:2:   serial_bayou_lagoon_b, grunt_megastairs_3
Lair:3:   minmay_snake_entry_six_corridors, uniq_rupert
Lair:4:   nicolae_swamp_entry_splash_gauntlet, lemuel_oklob_altar
Lair:5:   nicolae_volcano_entry_hallway, serial_bayou_shore_b
Lair:6:   evilmike_catoblepas_cave, minmay_slime_entry_oklob_open, st_stairs_8,
          tgw_fedhas
Orc:2:    kennysheep_orc_mage_school
Depths:1: evilmike_cross, grunt_hell_entry_dis_old, serial_shops, shop,
          minmay_misc_feat_enclosed, uniq_sojobo
Sewer:    sewer_minmay_treatment
IceCv:    ice_cave_statue_garden_teleport
Volcano:  volcano_grotto

Skill      XL: |  1  2  3  4  5  6  7  8  9 10 11 12 13 |
---------------+----------------------------------------+-----
Axes           | 2 3 5 6 7 8 10 | 10.1
Armour         | 3 4 5 6 8 |  8.1
Fighting       | 3 |  3.0
Dodging        | 2 3 4 6 7 9 |  9.0
Polearms       | 2 6 10 13 14 | 14.1
Spellcasting   | 1 3 |  3.7
Transmutations | 2 6 |  6.0
Earth Magic    | 1 5 |  5.5
Stealth        | |  1.7

Action                   |  1- 3 |  4- 6 |  7- 9 | 10-12 | 13-15 || total
-------------------------+-------+-------+-------+-------+-------++-------
Melee: Hand axe          |    88 |   202 |   400 |    19 |       ||   709
       Scythe            |       |   103 |       |       |       ||   103
       Bardiche          |       |       |       |   996 |   574 ||  1570
       War axe           |       |       |       |       |    10 ||    10
Evoke: Wand              |       |       |    11 |     9 |     3 ||    23
  Use: Potion            |     3 |     1 |     7 |     5 |     1 ||    17
       Scroll            |       |     5 |     8 |    29 |     4 ||    46
 Stab: Sleeping          |     2 |       |       |     9 |     6 ||    17
       Distracted        |       |       |       |     1 |       ||     1
       Petrified         |       |       |       |       |     1 ||     1
  Eat: Chunk             |       |     6 |     5 |    24 |     6 ||    41
       Pizza             |       |     1 |       |       |       ||     1
       Royal jelly       |       |     1 |     1 |     1 |       ||     3
       Fruit             |       |       |     3 |       |     3 ||     6
       Meat ration       |       |       |       |     1 |       ||     1
       Bread ration      |       |       |       |     1 |       ||     1
Armor: Ring mail         |    14 |       |       |       |       ||    14
       Skin              |    13 |    11 |   121 |     6 |       ||   151
       Scale mail        |     9 |    25 |       |       |       ||    34
       Chain mail        |       |   175 |   218 |   170 |       ||   563
       Troll hide        |       |       |       |    19 |       ||    19
       Troll leather arm |       |       |       |   183 |    85 ||   268
Dodge: Dodged            |    32 |   122 |   165 |   979 |   524 ||  1822
